 Dungeon Crawl Stone Soup version 0.32-a0-900-g30fb1b0edc (webtiles) character file.

Game seed: 10127842500523530782

221 gohu the Chopper (level 5, -1/45 HPs)
             Began as a Mountain Dwarf Fighter on Apr 5, 2024.
             Was an Initiate of Makhleb.
             Slain by a howler monkey (2 damage)
             ... on level 4 of the Dungeon.
             The game lasted 00:05:16 (3052 turns).

gohu the Chopper (Mountain Dwarf Fighter)           Turns: 3052, Time: 00:05:17

Health: -1/45      AC:  9    Str: 16 (18) XL:     5   Next: 65%
Magic:  5/5        EV:  6    Int:  6 (9)  God:    Makhleb [......]
Gold:   136        SH:  3    Dex:  6 (9)  Spells: 4/4 levels left

rFire   + . .        a - +0 war axe
rCold   + . .        c - +0 buckler
rNeg    + . .        r - +0 chain mail
rPois   +            (no helmet)
rElec   +            (no cloak)
rCorr   +            (no gloves)
SInv    .            (no boots)
Will    .....        (no amulet) Stlth
                     g - ring of positive energy
HPRegen 0.27/turn    t - ring of poison resistance
MPRegen 0.09/turn

%: no passive effects
@: mighty, resistant, attractive
A: runic magic, artefact enchanting, weak 1, wild magic 1
a: Renounce Religion


You were on level 4 of the Dungeon.
You worshipped Makhleb.
Makhleb was noncommittal.
You visited 1 branch of the dungeon, and saw 4 of its levels.

You collected 180 gold pieces.
You spent 44 gold pieces at shops.

Inventory:

Hand Weapons
 a - a +0 war axe (weapon)
Armour
 b - a +0 scale mail
 c - a +0 buckler (worn)
 r - a +0 chain mail (worn)
Jewellery
 g - a ring of positive energy (left hand)
 t - a ring of poison resistance (right hand)
 v - a ring of magical power
Wands
 s - a wand of polymorph (8)
Scrolls
 f - a scroll of vulnerability {unknown}
 h - 3 scrolls of identify {unknown}
 i - 2 scrolls of teleportation {unknown}
 k - a scroll of silence {unknown}
 o - a scroll of enchant weapon {unknown}
 q - 2 scrolls of amnesia {unknown}
Potions
 e - 2 potions of degeneration
 n - a potion of curing {unknown}
 p - a potion of enlightenment {unknown}
 u - a potion of invisibility {unknown}


   Skills:
 - Level 3.2 Fighting
 * Level 7.2 Axes
 - Level 3.2 Armour
 - Level 3.2 Shields


You had 4 spell levels left.
You didn't know any spells.
Your spell library contained the following spells:

 Spells                   Type           Power      Damage    Failure   Level
 Sandblast                Erth           0%         2d4       82%         1
 Maxwell's Portable Pile  Tloc           0%         2d(5-13)  99%         3
 Stone Arrow              Conj/Erth      0%         3d7       99%         3
 Brom's Barrelling Bould  Conj/Erth      0%         2d3       100%        4
 Arcjolt                  Conj/Air       0%         1d10      100%        5
 Maxwell's Capacitive Co  Air            0%         ∞         100%        8


Dungeon Overview and Level Annotations

Branches:
Dungeon (4/15)
 Temple: D:4-7

Altars:
Ashenzari
Gozag
Makhleb

Shops:
D:3 *


Innate Abilities, Weirdness & Mutations

Your spellcasting is much less encumbered by armour.
You can use scrolls of enchantment on lesser artefacts.
You are weak. (Str -2)
Your spells are a little harder to cast, but a little more powerful.


Message History

Ijyb hits you with a +0 club.
* * * LOW HITPOINT WARNING * * *
You hear a bark! x2; You hear a shout!
You slash Ijyb!
You kill Ijyb!
Makhleb accepts your kill.
You hit the howler monkey.
A jackal comes into view.
The howler monkey closely misses you. The howler monkey hits you.
* * * LOW HITPOINT WARNING * * *
You closely miss the howler monkey.
The howler monkey is severely wounded.
You barely miss the jackal. The jackal bites you.
* * * LOW HITPOINT WARNING * * *
A jackal comes into view.
The jackal closely misses you.
The howler monkey hits you but does no damage.
A kobold comes into view. It is wielding a +0 whip.
It was a potion of degeneration.
There was something very wrong with that liquid.
You feel weakened.
You feel dopey.
You feel clumsy.
The jackal bites you but does no damage.
You block the howler monkey's attack.
It was a potion of resistance.
You feel protected. The jackal bites you.
* * * LOW HITPOINT WARNING * * *
The howler monkey hits you but does no damage.
It was a potion of attraction.
You feel attractive to monsters.
The howler monkey hoots and howls with incredible vigour!
The jackal closely misses you. The jackal barely misses you.
The kobold is attracted toward you.
It was a potion of mutation.
You feel extremely strange.
You feel weaker.
You feel less in control of your magic. The howler monkey hits you.
* * * LOW HITPOINT WARNING * * *
The jackal bites you but does no damage.
The jackal barely misses you. The howler monkey hits you.
You die...

.. #### ###. #..
#...# #.#.. ..
#.... ##.#.# #.# .
#....##..#.# .... .
.#........#.#.....
.......)h.#.#...
......h@#.#... .
.....hh##.#.# .
###..K. #...# .
##.... ###.# .
#.§.!. #..o####.# .
#......##..........
.
...#...........####
.
..###.#...........
.
###.###o#.g.......


You could see a howler monkey (catching breath), 3 jackals and a kobold.

Vanquished Creatures
  A howler monkey (D:4)
  Ijyb (D:4)
  A gnoll (D:1)
  7 adders
  A ribbon worm (D:2)
  2 dart slugs
  2 orcs (D:4)
  13 endoplasms
  3 giant cockroaches (D:1)
  7 goblins
  4 hobgoblins
  7 kobolds
  6 quokkas
  10 ball pythons
  2 bats (D:2)
  4 frilled lizards
  4 rats
75 creatures vanquished.

Notes
Turn   | Place    | Note
-------+----------+-------------------------------------------
     0 | D:1      | gohu the Mountain Dwarf Fighter began the quest for the
                  | Orb.
     0 | D:1      | Reached XP level 1. HP: 19/19 MP: 1/1
    21 | D:1      | Reached skill level 3 in Axes
    80 | D:1      | Reached XP level 2. HP: 26/26 MP: 2/2
   210 | D:1      | Reached skill level 4 in Axes
   619 | D:1      | Reached XP level 3. HP: 31/31 MP: 3/3
  1146 | D:2      | Reached skill level 5 in Axes
  1216 | D:2      | Found a faded altar of an unknown god.
  1465 | D:2      | Reached XP level 4. HP: 29/38 MP: 4/4
  1972 | D:3      | Found a broken altar of Ashenzari.
  2136 | D:3      | Found an opulent altar of Gozag.
  2167 | D:3      | Found a burning altar of Makhleb.
  2185 | D:3      | Became a worshipper of Makhleb the Destroyer
  2194 | D:3      | Found Onilimm's Assorted Antiques.
  2203 | D:3      | Bought a scroll labelled CIELY QALAAMAO for 22 gold pieces
  2203 | D:3      | Bought a scroll labelled CIELY QALAAMAO for 22 gold pieces
  2389 | D:3      | Reached skill level 6 in Axes
  2874 | D:4      | Reached XP level 5. HP: 38/45 MP: 5/5
  2927 | D:4      | Noticed an ogre
  2929 | D:4      | an ogre changed into a howler monkey
  2973 | D:4      | Reached skill level 7 in Axes
  3011 | D:4      | Noticed Ijyb
  3047 | D:4      | Killed Ijyb
  3052 | D:4      | Gained mutation: You are weak. (Str -2) [potion of
                  | mutation]
  3052 | D:4      | Gained mutation: Your spells are a little harder to cast,
                  | but a little more powerful. [potion of mutation]
  3052 | D:4      | HP: 1/45 [howler monkey (3)]
  3052 | D:4      | Slain by a howler monkey

Illustrated notes

Levels and vault maps discovered:
D:1:      dpeg_arrival_boxes_within_box, layout_loops_ring,
          nicolae_figureground_sparkle
D:2:      layout_loops_ring, ebering_ecumenical_altar_sacrificial,
          minmay_misc_feat_rows
D:3:      layout_basic, mainiacjoe_overflow_paths,
          mainiacjoe_overflow_concentric_impassable, lemuel_crystal_altar,
          serial_corexii_hall, chequers_hall_statues_y, corexii_hall_statues_l,
          corexii_hall_statues_l, serial_shops, shop, hex_medium
D:4:      layout_cave_pools, old_standard_altar,
          mainiacjoe_overflow_tiny_flanked, kennysheep_generic_room_15,
          uniq_ijyb

Skill      XL: |  1  2  3  4  5 |
---------------+----------------+-----
Axes           | 3 4 5 6 7 |  7.2
Fighting       | |  3.2
Armour         | |  3.2
Shields        | |  3.2

Action                     |  1- 3 |  4- 6 || total
---------------------------+-------+-------++-------
  Melee: War axe           |   124 |   122 ||   246
  Evoke: Wand              |       |     2 ||     2
    Use: Potion            |       |     5 ||     5
 Armour: Scale mail        |    94 |    24 ||   118
         Chain mail        |       |    87 ||    87
  Dodge: Dodged            |    55 |    62 ||   117
  Block: Buckler           |    22 |    21 ||    43

Table legend: (Time is in decaauts)
 A = Elapsed time spent in this place.
 B = Non-inter-level travel time spent in this place.
 C = Inter-level travel time spent in this place.
 D = Time resting spent in this place.
 E = Time spent auto-exploring this place.
 F = Levels seen in this place.
 G = Mean time per level.
                   A        B        C        D        E       F      G
               +--------+--------+--------+--------+--------+-----+--------+
         Total |   3117 |   2979 |    138 |      0 |   2354 |   4 |  779.2 |
       Dungeon |   3117 |   2979 |    138 |      0 |   2354 |   4 |  779.2 |
               +--------+--------+--------+--------+--------+-----+--------+

Top non-repeatable levels by time:
     D:1: 1035 daAuts
     D:2: 961 daAuts
     D:3: 900 daAuts
     D:4: 218 daAuts
